 Dungeon Crawl Stone Soup version 0.28.0-53-g5a82cb258f (webtiles) character file.

Game seed: 13045440747936709972

7680 quokkamancerX the Basher (level 11, -5/81 HPs)
             Began as a Demonspawn Berserker on June 3, 2022.
             Was a Priest of Trog.
             Slain by a boulder beetle (55 damage)
             ... on level 14 of the Dungeon.
             The game lasted 00:31:58 (15468 turns).

quokkamancerX the Basher (Demonspawn Berserker)    Turns: 15468, Time: 00:31:59

Health: -5/81      AC:  9    Str: 21    XL:     11   Next: 0%
Magic:  11/11      EV: 11    Int:  9    God:    Trog [***...]
Gold:   642        SH: 12    Dex: 13    Spells: 10/10 levels left

rFire   . . .      SeeInvis .   a - +1 flail
rCold   . . .      Faith    .   K - +0 kite shield
rNeg    . . .      Spirit   .   i - +1 ring mail {Will+}
rPois   .          Reflect  +   (helmet restricted)
rElec   .          Harm     .   u - +0 cloak
rCorr   .          Rampage  .   H - +0 pair of gloves
Will    +++..                   L - +0 pair of boots
Stlth   +.........              t - amulet of reflection
HPRegen 1.23/turn               (no ring)
MPRegen 0.12/turn               (no ring)

@: mighty, strong-willed, on berserk cooldown, regenerating, slowed, very slow
A: horns 2, repulsion field 1, powered by death 1, powered by pain 1
a: Renounce Religion, Berserk, Trog's Hand


You were on level 14 of the Dungeon.
You worshipped Trog.
Trog was most pleased with you.
You visited 1 branch of the dungeon, and saw 12 of its levels.
You also visited: Ossuary.

You collected 680 gold pieces.
You spent 38 gold pieces at shops.

Inventory:

Hand Weapons
 a - a +1 flail (weapon)
Missiles
 g - 11 boomerangs (quivered)
 h - 24 poisoned darts
 x - 2 throwing nets
 A - 14 silver boomerangs
Armour
 i - a +1 ring mail of willpower (worn)
 u - a +0 cloak (worn)
 H - a +0 pair of gloves (worn)
 K - a +0 kite shield (worn)
 L - a +0 pair of boots (worn)
Jewellery
 t - an amulet of reflection (around neck)
 N - a ring of flight
Wands
 f - a wand of iceblast (14)
 k - a wand of acid (6)
 q - a wand of polymorph (6)
 v - a wand of flame (34)
Scrolls
 b - a scroll of immolation {unknown}
 d - a scroll of torment {unknown}
 e - 3 scrolls of magic mapping
 l - 2 scrolls of teleportation
 p - a scroll of acquirement {unknown}
 w - a scroll of enchant weapon
 y - a scroll of vulnerability {unknown}
 z - a scroll of fear
 B - a scroll of enchant armour {unknown}
 F - a scroll of silence {unknown}
 I - a scroll of fog
 J - a scroll of blinking
Potions
 c - a potion of degeneration {unknown}
 j - a potion of ambrosia {unknown}
 m - 4 potions of lignification
 n - a potion of cancellation {unknown}
 r - 2 potions of resistance
 s - a potion of haste {unknown}
 C - 2 potions of flight {unknown}
 D - 7 potions of heal wounds
 E - 2 potions of attraction {unknown}
 G - 4 potions of curing
 M - 2 potions of might {unknown}


   Skills:
 + Level 6.2 Fighting
 - Level 14.0 Maces & Flails
 + Level 4.8 Throwing
 - Level 1.7 Armour
 - Level 1.7 Dodging


You had 10 spell levels left.
You didn't know any spells.
Your spell library was empty.

Dungeon Overview and Level Annotations

Branches:
Dungeon (11/15)            Temple (0/1) D:5            Lair (0/6) D:9
    Orc (0/2) D:9         Ossuary (visited)

Altars:
Uskayaw

Shops:
D:2 (

Portals:
Abyss: D:11

Annotations:
D:4 3 runed translucent doors, Sin92's ghost, amateur DsFi; ZappyNine's ghost, amateur OgTm
D:11 2 transporters, Tiocfaidh's ghost, journeyman OpBr


Innate Abilities, Weirdness & Mutations

You have a pair of horns on your head.
You are surrounded by a mild repulsion field. (EV +2)
You regenerate a little health from kills.
You sometimes gain a little power by taking damage.


Message History

A boulder beetle comes into view.
The boulder beetle curls into a ball and begins rolling!
The boulder beetle hits you!
The boulder beetle stops rolling and uncurls.
Found a stone staircase leading up.
The boulder beetle bites you!
You focus on the pain.
You feel very mighty all of a sudden.
You sock the boulder beetle! You headbutt the boulder beetle.
The boulder beetle is moderately wounded.
The boulder beetle bites you!
Your skin crawls.
You feel strong-willed. The boulder beetle bites you.
A red film seems to cover your vision as you go berserk!
You feel yourself moving faster!
You feel mighty! You block the boulder beetle's attack.
You hit the boulder beetle. You headbutt the boulder beetle!
The boulder beetle is heavily wounded.
You hit the boulder beetle but do no damage.
The boulder beetle is heavily wounded.
The boulder beetle barely misses you.
You hit the boulder beetle. You headbutt the boulder beetle!
The boulder beetle is severely wounded.
You block the boulder beetle's attack.
You hit the boulder beetle but do no damage.
You headbutt the boulder beetle.
The boulder beetle is severely wounded.
You hit the boulder beetle but do no damage.
You headbutt the boulder beetle!
The boulder beetle is almost dead.
The boulder beetle leaps!
You feel a strong urge to attack something.
The boulder beetle curls into a ball and begins rolling!
Found a staff of air.
You are no longer berserk.
You are exhausted.
You feel yourself slow down. The boulder beetle hits you!!!
Ouch! That really hurt!
You die...

.##....###...
.............. ##
.........#.... .##
#.............# . ..#
#..............###|. .#
.............°......
.###.../>.......B.<.....
................@.# .
.................## ##..
.#...........)...## #....
.#................##.....
##..............<........
###.##..............###
.##.##...#..........#
.........##.........#♣♣.♣
.#...#.#.##..............
....


You could see a boulder beetle (rolling).

Vanquished Creatures
  A two-headed ogre (D:10)
  A gargoyle (D:10)
  Psyche (D:10)
  An efreet (D:14)
  A troll (D:8)
  2 hornets
  6 slime creatures (D:14)
  2 shadows
  A wraith (D:9)
  A steam dragon (D:8)
  4 sky beasts
  3 orc warriors
  A black bear (D:6)
  A necrophage (D:6)
  6 wolves
  2 ogres
  3 phantoms
  2 kobold brigands
  4 bullfrogs
  A gnoll sergeant (D:9)
  2 scorpions
  A water moccasin skeleton (D:6)
  A troll zombie (D:9)
  6 killer bees
  3 howler monkeys
  2 electric eels (D:9)
  A centaur zombie (D:5)
  A jelly (D:8)
  5 orc priests
  6 hounds
  A gnoll shaman (D:7)
  A bullfrog skeleton (D:4)
  A centaur skeleton (D:7)
  2 iguanas
  4 orc wizards
  A scorpion zombie (D:5)
  6 ogre zombies (D:9)
  8 mummies (Ossuary)
  A howler monkey zombie (D:8)
  9 gnolls
  A howler monkey skeleton (D:6)
  4 adders
  3 shadow imps
  2 white imps (D:7)
  2 ufetubi (D:5)
  An adder skeleton (D:4)
  A worm (D:3)
  2 dart slugs
  20 orcs
  5 endoplasms
  A giant cockroach (D:1)
  3 goblins
  4 hobgoblins
  3 jackals (D:2)
  4 quokkas
  8 ball pythons
  2 frilled lizards (D:2)
  2 goblin skeletons (D:9)
  A goblin zombie (D:9)
  A hobgoblin skeleton (D:9)
  7 hobgoblin zombies
  15 kobolds
  2 kobold zombies (Ossuary)
  3 orc skeletons (D:9)
  17 orc zombies
  2 rats
222 creatures vanquished.

Vanquished Creatures (others)
  A quokka (D:14)
1 creature vanquished.

Grand Total: 223 creatures vanquished

Notes
Turn   | Place    | Note
-------+----------+-------------------------------------------
     0 | D:1      | quokkamancerX the Demonspawn Berserker began the quest for
                  | the Orb.
     0 | D:1      | Reached XP level 1. HP: 18/18 MP: 1/1
   333 | D:1      | Reached skill level 3 in Maces & Flails
   565 | D:1      | Gained mutation: You have a pair of small horns on your
                  | head. [demonic ancestry]
   565 | D:1      | Reached XP level 2. HP: 14/24 MP: 2/2
   977 | D:1      | Noticed a floating eye
   980 | D:1      | Noticed a golden eye
   984 | D:1      | Found a faded altar of an unknown god.
   986 | D:1      | Noticed a floating eye
   986 | D:1      | Noticed a shining eye
  2202 | D:2      | Gained mutation: You are surrounded by a mild repulsion
                  | field. (EV +2) [demonic ancestry]
  2202 | D:2      | Reached XP level 3. HP: 28/29 MP: 3/3
  2539 | D:2      | Found Hilun's Weapon Shoppe.
  2544 | D:2      | Bought a +0 flail for 38 gold pieces
  2638 | D:2      | Reached skill level 4 in Maces & Flails
  2900 | D:2      | Noticed an ogre
  2910 | D:2      | Killed an ogre
  2911 | D:2      | Reached skill level 5 in Maces & Flails
  2911 | D:2      | Reached XP level 4. HP: 35/35 MP: 4/4
  3431 | D:3      | Reached ** piety under Trog
  3435 | D:3      | Reached XP level 5. HP: 23/41 MP: 5/5
  4779 | D:4      | Reached skill level 6 in Maces & Flails
  4871 | D:4      | Gained mutation: You sometimes gain a little power by
                  | taking damage. [demonic ancestry]
  4871 | D:4      | Reached XP level 6. HP: 43/47 MP: 6/6
  5374 | D:4      | Found a runed translucent gate.
  5374 | D:4      | Found a runed translucent gate.
  5374 | D:4      | Found a runed translucent gate.
  5375 | D:4      | Noticed Sin92's ghost (amateur DsFi)
  5376 | D:4      | Noticed ZappyNine's ghost (amateur OgTm)
  5813 | D:5      | Entered Level 5 of the Dungeon
  5813 | D:5      | Noticed a sky beast
  5960 | D:5      | Noticed a sky beast
  5971 | D:5      | Killed a sky beast
  5972 | D:5      | Reached skill level 7 in Maces & Flails
  6025 | D:5      | Gained mutation: You regenerate a little health from kills.
                  | [demonic ancestry]
  6025 | D:5      | Reached XP level 7. HP: 38/52 MP: 7/7
  6113 | D:5      | Found a staircase to the Ecumenical Temple.
  6144 | D:5      | Identified the +1 robe of the Meadowlark {Will+ Int+4}
  6321 | D:5      | Noticed a hornet
  6331 | D:5      | Killed a hornet
  6332 | D:5      | Reached skill level 8 in Maces & Flails
  6940 | D:5      | Reached skill level 9 in Maces & Flails
  6940 | D:5      | Reached XP level 8. HP: 52/58 MP: 8/8
  7293 | D:6      | Found a sand-covered staircase.
  7301 | Ossuary  | Entered an ossuary
  7408 | Ossuary  | Reached *** piety under Trog
  7718 | D:6      | Reached skill level 10 in Maces & Flails
  9001 | D:7      | Reached skill level 11 in Maces & Flails
  9116 | D:7      | Gained mutation: You have a pair of horns on your head.
                  | [demonic ancestry]
  9116 | D:7      | Reached XP level 9. HP: 33/63 MP: 9/9
 10647 | D:8      | Reached skill level 12 in Maces & Flails
 11037 | D:9      | Found a staircase to the Orcish Mines.
 11387 | D:9      | Noticed a troll
 11862 | D:8      | Killed a troll
 11863 | D:8      | Reached skill level 13 in Maces & Flails
 12442 | D:9      | Reached XP level 10. HP: 51/70 MP: 10/10
 13263 | D:9      | Found a staircase to the Lair.
 13416 | D:9      | Reached **** piety under Trog
 13764 | D:10     | Entered Level 10 of the Dungeon
 13783 | D:10     | Noticed a gargoyle
 13786 | D:10     | Killed a gargoyle
 13787 | D:10     | Reached skill level 14 in Maces & Flails
 13868 | D:10     | Reached skill level 1 in Throwing
 13941 | D:10     | Noticed a two-headed ogre
 13948 | D:10     | Killed a two-headed ogre
 14171 | D:10     | Found a hide-covered altar of Uskayaw.
 14385 | D:10     | Noticed Psyche
 14407 | D:10     | Killed Psyche
 14578 | D:10     | Paralysed by a hornet for 2 turns
 14583 | D:10     | Reached skill level 5 in Fighting
 14938 | D:11     | Found a one-way gate to the infinite horrors of the Abyss.
 14938 | D:11     | Noticed Tiocfaidh's ghost (journeyman OpBr)
 15006 | D:11     | Found a transporter.
 15011 | D:11     | Found a transporter.
 15103 | D:11     | You fall into a shaft and drop 3 floors!
 15324 | D:14     | Reached XP level 11. HP: 53/81 MP: 11/11
 15452 | D:14     | Noticed a boulder beetle
 15468 | D:14     | Slain by a boulder beetle

Illustrated notes

Levels and vault maps discovered:
D:1:      minmay_arrival_loop, layout_loops_corners,
          hellmonk_ecumenical_altar_watching_god, ebering_dispersal_statue_hall
D:2:      layout_basic, serial_shops, nicolae_shop_bloodbath_and_beyond,
          grunt_decor_junction, roderic_three_in_a_row, grunt_ministairs_12,
          kennysheep_potato
D:3:      layout_loops_cross, minmay_unequal
D:4:      layout_gridville, gammafunk_ghost_cemetery, minivault_1
D:5:      layout_loops_ring, minmay_temple_entry_mist,
          amcnicky_mini_rare_corridor_liquid
D:6:      layout_basic, enter_ossuary_2
D:7:      layout_basic, minivault_19
D:8:      layout_loops_ring, grunt_decor_arrowhead, minmay_unpleasant_kobolds
D:9:      layout_rooms, erik_lair_island, zombieorc2_lemuel
D:10:     layout_loops_ring, nicolae_uskayaw_dance_studio, uniq_psyche
D:11:     layout_long_grid, serial_shops, nicolae_shop_window_shopping,
          gammafunk_ghost_abyssal_escape
D:14:     layout_cave_pools, nicolae_water_bricks, minmay_tree_intersection,
          elyvilon_altar_4

Skill      XL: |  1  2  3  4  5  6  7  8  9 10 |
---------------+-------------------------------+-----
Maces & Flails | 3 5 6 7 9 11 13 14 | 14.0
Throwing       | 4 |  4.8
Fighting       | 6 |  6.2
Armour         | |  1.7
Dodging        | |  1.7

Action                   |  1- 3 |  4- 6 |  7- 9 | 10-12 || total
-------------------------+-------+-------+-------+-------++-------
Melee: Mace              |    58 |       |       |       ||    58
       Headbutt          |     3 |    19 |    77 |    51 ||   150
       Flail             |    12 |   105 |   423 |   223 ||   763
       Punch             |       |     1 |     4 |     1 ||     6
Throw: Boomerang         |     2 |     4 |     5 |       ||    11
Invok: Berserk           |     1 |     2 |     9 |     7 ||    19
       Trog's Hand       |       |       |     2 |     3 ||     5
  Use: Scroll            |     1 |     1 |     9 |     3 ||    14
       Potion            |       |       |     1 |       ||     1
 Stab: Sleeping          |     1 |       |       |       ||     1
Armor: Animal skin       |     1 |       |       |       ||     1
       Leather armour    |     8 |    10 |       |       ||    18
       Ring mail         |       |     5 |    60 |     6 ||    71
       Scale mail        |       |       |    51 |    30 ||    81
Dodge: Dodged            |    54 |    70 |   287 |    59 ||   470
Block: Other             |       |       |    33 |    11 ||    44
       Reflection        |       |       |     1 |     1 ||     2
       Kite shield       |       |       |       |    74 ||    74
